 Dungeon Crawl Stone Soup version 0.29.1 (webtiles) character file.

Game seed: 14536766199519397752

184 funnyparkerb the Chiller (level 5, -5/38 HPs)
             Began as a Mummy Ice Elementalist on Sept 12, 2022.
             Was an Initiate of Vehumet.
             Slain by Grinder (6 damage)
             ... on level 4 of the Dungeon.
             The game lasted 00:07:46 (2151 turns).

funnyparkerb the Chiller (Mummy Ice Elementalist)   Turns: 2151, Time: 00:07:46

Health: -5/38      AC:  8    Str: 12    XL:     5   Next: 36%
Magic:  2/9        EV: 12    Int: 16    God:    Vehumet [......]
Gold:   26         SH:  0    Dex: 12    Spells: 3/10 levels left

rFire   x . .      SeeInvis .   e - +0 sling
rCold   + . .      Faith    .   (no shield)
rNeg    + + +      Spirit   .   a - +0 robe
rPois   ∞          Reflect  .   (no helmet)
rElec   .          Harm     .   (no cloak)
rCorr   .          Rampage  .   (no gloves)
Will    .....                   (no boots)
Stlth   ++........              (no amulet)
HPRegen 0.12/turn               (no ring)
MPRegen 0.11/turn               (no ring)

@: ice-armoured
A: cold resistance 1, negative energy resistance 3, torment resistance 2, heat
vulnerability 1, in touch with death 1, no potions
a: Renounce Religion


You were on level 4 of the Dungeon.
You worshipped Vehumet.
Vehumet was noncommittal.
You visited 2 branches of the dungeon, and saw 5 of its levels.

You collected 26 gold pieces.

Inventory:

Hand Weapons
 c - a +0 short sword
 e - a +0 sling (weapon)
Missiles
 d - 11 stones (quivered)
 k - 4 silver boomerangs
Armour
 a - a +0 robe (worn)
Scrolls
 b - a scroll of teleportation {unknown}
 f - a scroll of vulnerability {unknown}
 g - 3 scrolls of identify {unknown}
 h - a scroll of silence {unknown}
 i - 2 scrolls of poison
 j - a scroll of magic mapping {unknown}


   Skills:
 + Level 2.2 Fighting
 + Level 1.8 Dodging
 - Level 1.5 Stealth
 - Level 3.0 Spellcasting
 - Level 5.0 Ice Magic


You had 3 spell levels left.
You knew the following spells:

 Your Spells              Type           Power      Damage    Failure   Level
a - Freeze                Ice            72%        1d9       2%          1
b - Frozen Ramparts       Ice            36%        1d6       7%          3
c - Ozocubu's Armour      Ice            18%        N/A       7%          3

Your spell library contained the following spells:

 Spells                   Type           Power      Damage    Failure   Level
 Hailstorm                Conj/Ice       10%        3d5       54%         4


Dungeon Overview and Level Annotations

Branches:
Dungeon (4/15)             Temple (1/1) D:4

Altars:
Ashenzari
Cheibriados
Dithmenos
Hepliaklqana
Kikubaaqudgha
Makhleb
Vehumet
Xom
Yredelemnul

Annotations:
D:4 Grinder


Innate Abilities, Weirdness & Mutations

You are immune to poison.
Your flesh is cold resistant. (rC+)
You are immune to negative energy. (rN+++)
You are immune to unholy pain and torment.
You are vulnerable to heat. (rF-)
You are in touch with the powers of death.
You do not drink.


Message History

* * * LOW HITPOINT WARNING * * *
Fire: e) +0 sling
Press: ? - help, Shift-Dir - straight line, f/p - Grinder
Aim: Grinder (severely wounded, 50% to hit)
You shoot a sling bullet. The sling bullet hits Grinder.
Grinder is almost dead.
Grinder says, "FISH!"
Grinder barely misses you.
Fire: e) +0 sling
Press: ? - help, Shift-Dir - straight line, f/p - Grinder
Aim: Grinder (almost dead, 50% to hit)
You shoot a sling bullet. The sling bullet hits Grinder.
Grinder is almost dead.
Grinder gestures at you. You resist with some effort. Grinder misses you.
Fire: e) +0 sling
Press: ? - help, Shift-Dir - straight line, f/p - Grinder
Aim: Grinder (almost dead, 50% to hit)
You shoot a sling bullet.
The sling bullet closely misses Grinder.
Grinder gestures at you. You resist with some effort.
Fire: e) +0 sling
Press: ? - help, Shift-Dir - straight line, f/p - Grinder
Aim: Grinder (almost dead, 50% to hit)
You shoot a sling bullet. The sling bullet hits Grinder.
Grinder is almost dead.
Grinder hits you!
* * * LOW HITPOINT WARNING * * *
Grinder hits you.
* * * LOW HITPOINT WARNING * * *
Unknown command.
Fire: e) +0 sling
Press: ? - help, Shift-Dir - straight line, f/p - Grinder
Aim: Grinder (almost dead, 50% to hit)
You shoot a sling bullet.
The sling bullet hits Grinder but does no damage.
Grinder is almost dead.
Grinder hits you.
You die...

........#.# #.#######
........#)###.#5....#
........#...#...###.#
.....)..#.#.#######.#
............#....5..#
...####.#.###.#######
...####.#.###5#
##............######
#............#.@5(#
##..........#.#.##.#
............#...# #
....#####.#....##
....# #.####+# #####
... ### #.... ..#
#..... ..# #......


You could see Grinder.

Vanquished Creatures
  A necrophage (D:4)
  A jelly (D:3)
  An orc priest (D:4)
  2 adders (D:4)
  2 dart slugs (D:1)
  6 orcs (D:4)
  2 ball pythons
  4 endoplasms
  2 giant cockroaches
  A goblin (D:1)
  3 hobgoblins
  2 quokkas
  A bat (D:1)
  3 frilled lizards (D:1)
  2 kobolds (D:1)
  A rat (D:2)
34 creatures vanquished.

Notes
Turn   | Place    | Note
-------+----------+-------------------------------------------
     0 | D:1      | funnyparkerb the Mummy Ice Elementalist began the quest for
                  | the Orb.
     0 | D:1      | Reached XP level 1. HP: 13/13 MP: 4/4
   305 | D:1      | Reached XP level 2. HP: 14/19 MP: 5/5
   918 | D:1      | Reached skill level 4 in Ice Magic
  1255 | D:2      | You fall into a shaft and drop 2 floors!
  1346 | D:4      | Gained mutation: You are in touch with the powers of death.
                  | [Mummy growth]
  1346 | D:4      | Reached XP level 3. HP: 15/24 MP: 2/7
  1350 | D:4      | Learned a level 3 spell: Frozen Ramparts
  1354 | D:4      | Learned a level 3 spell: Ozocubu's Armour
  1501 | D:4      | Found a staircase to the Ecumenical Temple.
  1518 | D:4      | Reached XP level 4. HP: 9/30 MP: 1/8
  1520 | D:4      | Noticed a necrophage
  1734 | D:4      | Killed a necrophage
  1735 | D:4      | Reached skill level 5 in Ice Magic
  1735 | D:4      | Reached skill level 1 in Fighting
  1735 | D:4      | Reached XP level 5. HP: 27/38 MP: 3/9
  1858 | Temple   | Entered the Ecumenical Temple
  1878 | Temple   | Became a worshipper of Vehumet
  1901 | D:4      | Noticed Grinder
  2139 | D:4      | Paralysed by Grinder for 2 turns
  2150 | D:4      | HP: 1/38 [Grinder (4)]
  2151 | D:4      | Slain by Grinder

Illustrated notes

Levels and vault maps discovered:
D:1:      dpeg_arrival_more_subterranean_lakeside_camping, layout_basic
D:2:      layout_rooms, shapermc_ecumenical_altar_gd, kennysheep_generic_room_12
D:3:      layout_rooms, grunt_temple_overflow_forces_of_nature,
          lemuel_tele_altar, mainiacjoe_overflow_cross_hatched
D:4:      layout_basic, lemuel_blue_sif_altar,
          minmay_temple_entry_statues_pillars, uniq_grinder
Temple:   hellmonk_temple_rainy

Skill      XL: |  1  2  3  4  5 |
---------------+----------------+-----
Ice Magic      | 4 5 |  5.0
Fighting       | 1 2 |  2.2
Spellcasting   | 3 |  3.0
Dodging        | |  1.8
Stealth        | |  1.5

Action                   |  1- 3 |  4- 6 || total
-------------------------+-------+-------++-------
Melee: Unarmed           |     4 |       ||     4
       Short sword       |    24 |       ||    24
 Fire: Sling             |    36 |    26 ||    62
Throw: Stone             |     8 |     1 ||     9
       Boomerang         |       |    13 ||    13
       Javelin           |       |     7 ||     7
 Cast: Freeze            |    30 |    12 ||    42
       Frozen Ramparts   |     1 |     1 ||     2
       Ozocubu's Armour  |       |     3 ||     3
  Use: Scroll            |       |     1 ||     1
Armor: Robe              |     9 |    17 ||    26
Dodge: Dodged            |    42 |    28 ||    70
